 Dungeon Crawl Stone Soup version 0.30-a0-137-gd8773701ce (webtiles) character file.

Game seed: 2161616236713841713

140 lunkers the Digger (level 5, -1/38 HPs)
             Began as a Meteoran Earth Elementalist on Sept 24, 2022.
             Slain by a two-headed ogre
             ... wielding a +0 giant spiked club
              (23 damage)
             ... on level 4 of the Dungeon.
             The game lasted 00:02:38 (472 turns).

lunkers the Digger (Meteoran Earth Elementalist)     Turns: 472, Time: 00:02:39

Health: -1/38      AC:  2    Str:  9    XL:     5   Next: 76%
Magic:  10/11      EV: 12    Int: 18    God:
Gold:   51         SH:  0    Dex: 15    Spells: 5/11 levels left

rFire   . . .      SeeInvis .    f - staff of conjuration
rCold   . . .      Faith    .    (no shield)
rNeg    . . .      Spirit   .    a - +0 robe
rPois   .          Reflect  .    (no helmet)
rElec   .          Harm     .    (no cloak)
rCorr   .          Rampage  .    (no gloves)
Will    .....                    (no boots)
Stlth   +.........               (no amulet)
HPRegen 0.12/turn                (no ring)
MPRegen 0.12/turn                (no ring)

@: glowing
A: sense surroundings 1, otherworldly, glowing, explore regen
a: no special abilities


You were on level 4 of the Dungeon.
You visited 1 branch of the dungeon, and saw 4 of its levels.

You collected 51 gold pieces.

Inventory:

Armour
 a - a +0 robe (worn)
Magical Staves
 f - a staff of conjuration (weapon)
Scrolls
 c - 2 scrolls of vulnerability {unknown}
 e - 2 scrolls of teleportation {unknown}
 h - a scroll of fear {unknown}
 k - a scroll of torment {unknown}
 l - a scroll of identify {unknown}
 n - a scroll of blinking {unknown}
Potions
 b - a potion of magic
 d - a potion of haste {unknown}
 g - a potion of heal wounds {unknown}
 i - a potion of mutation {unknown}
 j - a potion of ambrosia {unknown}
 m - a potion of attraction {unknown}
 o - a potion of might {unknown}


   Skills:
 - Level 2.4 Dodging
 - Level 1.4 Stealth
 + Level 3.9 Spellcasting
 * Level 2.9 Conjurations
 - Level 1.2 Transmutations
 * Level 5.4 Earth Magic


You had 5 spell levels left.
You knew the following spells:

 Your Spells              Type           Power      Damage    Failure   Level
a - Sandblast             Erth           46%        2d11      1%          1
b - Passwall              Tmut/Erth      12%        N/A       6%          2
c - Stone Arrow           Conj/Erth      54%        3d10      9%          3

Your spell library contained the following spells:

 Spells                   Type           Power      Damage    Failure   Level
 Freeze                   Ice            12%        1d4       16%         1
 Petrify                  Tmut/Erth      15%        N/A       36%         4
 Frozen Ramparts          Ice            6%         1d1       41%         3
 Hailstorm                Conj/Ice       13%        3d5       63%         4


Dungeon Overview and Level Annotations

Branches:
Dungeon (4/15) Zot: 1895
 Temple: D:4-7

Altars:
Kikubaaqudgha
Uskayaw
Yredelemnul


Innate Abilities, Weirdness & Mutations

You passively map a small area around you.
You are easily found by Zot.
You glow in the dark.
You regain HP and MP as you explore.


Message History

No target in view!
Found 4 stones.
No target in view!
Found a scroll labelled CUERAKK VEBRUE.
No target in view!
e - 2 scrolls labelled ZUVVAO NUADDI (gained 1) No target in view!
c - 2 scrolls labelled CUERAKK VEBRUE (gained 1)
You open the door.
Found a basalt altar of Yredelemnul and an ancient bone altar of Kikubaaqudgha.
Found a hide-covered altar of Uskayaw.
There is an open door here.
An adder comes into view.
The adder hisses angrily.
Casting: Sandblast (safe; 1% risk of failure)
Confirm with . or Enter, or press ? or * to list all spells.
The blast of sand hits the adder!
You kill the adder!
No target in view!
You see here an adder corpse.
A ball python comes into view.
The ball python hisses angrily.
Casting: Sandblast (safe; 1% risk of failure)
Confirm with . or Enter, or press ? or * to list all spells.
The blast of sand hits the ball python!!
You kill the ball python!
No target in view!
A two-headed ogre comes into view.
It is wielding a +0 giant spiked club and a +0 giant club.
The two-headed ogre shouts in stereo!
Found a scroll labelled MEYBUANGASK.
Casting: Sandblast (safe; 1% risk of failure)
Confirm with . or Enter, or press ? or * to list all spells.
The blast of sand hits the two-headed ogre.
The two-headed ogre is lightly wounded.
A quokka comes into view.
The two-headed ogre hits you with a +0 giant spiked club!
* * * LOW HITPOINT WARNING * * *
The two-headed ogre hits you with a +0 giant club!!
Ouch! That really hurt!
You die...

#####.. ##8# * * **
..##.. #§≈_# #...
..##.##§≈..# ... , *
..++.#≈≈...## ... , ,
..#..'...._8# ##.. ,.. ,
.....#≈≈...## #..# ...
.....##≈≈..# ..###....
......##§≈_# ,#......r. ,
.......###8# ##@O.....?
........#### ##.........
, ,
##...(..†.####..........,
#####..#.......#.###....
, #####.###...#.##.#
**### ...##.........##.#
* * ##+##.##.........#, ,
, ......####.####### * *
, .....>...... . ,*,*


You could see a two-headed ogre and a quokka.

Vanquished Creatures
  A hound (D:4)
  Natasha (D:2)
  3 adders
  3 worms (D:2)
  2 dart slugs
  2 endoplasms
  4 giant cockroaches
  2 goblins
  2 hobgoblins (D:1)
  4 jackals (D:4)
  2 quokkas (D:2)
  9 ball pythons
  5 bats
  3 frilled lizards
  4 kobolds
  3 rats
50 creatures vanquished.

Notes
Turn   | Place    | Note
-------+----------+-------------------------------------------
     0 | D:1      | lunkers the Meteoran Earth Elementalist began the quest for
                  | the Orb.
     0 | D:1      | Reached XP level 1. HP: 14/14 MP: 5/5
    54 | D:1      | Reached XP level 2. HP: 18/20 MP: 2/6
    58 | D:1      | Reached skill level 4 in Earth Magic
   126 | D:1      | Reached XP level 3. HP: 26/26 MP: 5/8
   140 | D:1      | Learned a level 2 spell: Passwall
   144 | D:1      | Learned a level 3 spell: Stone Arrow
   239 | D:2      | Reached skill level 1 in Conjurations
   243 | D:2      | Noticed Natasha
   247 | D:2      | Killed Natasha
   248 | D:2      | Reached XP level 4. HP: 10/33 MP: 5/10
   322 | D:3      | Reached skill level 5 in Earth Magic
   336 | D:3      | Reached XP level 5. HP: 38/38 MP: 9/11
   454 | D:4      | Found a basalt altar of Yredelemnul.
   454 | D:4      | Found an ancient bone altar of Kikubaaqudgha.
   455 | D:4      | Found a hide-covered altar of Uskayaw.
   469 | D:4      | Noticed a two-headed ogre
   472 | D:4      | Slain by a two-headed ogre

Illustrated notes

Levels and vault maps discovered:
D:1:      spicycebolla_arrival_xxxplode, layout_rooms
D:2:      layout_basic, basic_altar, uniq_terence, uniq_natasha, uniq_sigmund
D:3:      layout_loops_ring, hellmonk_ecumenical_altar_lost_god,
          minmay_shallow_snake_nest, uniq_ijyb
D:4:      due_chaos_kobolds, layout_basic, grunt_dithmenos_smoke_and_mirrors,
          mainiacjoe_overflow_alcove_1, gammafunk_temple_overflow_claw

Skill      XL: |  1  2  3  4 |
---------------+-------------+-----
Earth Magic    | 4 5 |  5.4
Spellcasting   | 3 |  3.9
Conjurations   | 1 2 |  2.9
Dodging        | |  2.4
Stealth        | |  1.4
Transmutations | |  1.2

Action                   |  1- 3 |  4- 6 || total
-------------------------+-------+-------++-------
Melee: Unarmed           |    16 |       ||    16
 Cast: Sandblast         |    36 |    30 ||    66
Armor: Robe              |    12 |     6 ||    18
Dodge: Dodged            |    21 |    13 ||    34

Table legend: (Time is in decaauts)
 A = Elapsed time spent in this place.
 B = Non-inter-level travel time spent in this place.
 C = Inter-level travel time spent in this place.
 D = Time resting spent in this place.
 E = Time spent auto-exploring this place.
 F = Levels seen in this place.
 G = Mean time per level.
                   A        B        C        D        E       F      G
               +--------+--------+--------+--------+--------+-----+--------+
         Total |    503 |    503 |      0 |      0 |      0 |   4 |  125.8 |
       Dungeon |    503 |    503 |      0 |      0 |      0 |   4 |  125.8 |
               +--------+--------+--------+--------+--------+-----+--------+

Top non-repeatable levels by time:
     D:1: 236 daAuts
     D:2: 103 daAuts
     D:4: 84 daAuts
     D:3: 79 daAuts
